AoeStats
← tarepo

Arena

509915324Analyzed
1v1 RM · 2d ago on Sep 28, 2026· 30m 35s· 2 players
Game mode
Random Map
Map size
Tiny (2 player)
Population
200
Speed
Normal
Resources
Standard
Victory
Conquest
Starting age
Dark Age
Ending age
Imperial Age
RankedLock teamsTeams togetherTeam positionsShared explorationLock speedFull tech treeHidden civsTurbo modeCheats
Victory
Defeat
🇮🇳 Portuguese · India
564
+11
🇨🇭 Spanish · Switzerland
445
-11
tarepo
10:31 Feudal Age
11:28 Loom
11:58 Town Watch
12:33 Double-Bit Axe
16:32 Castle Age
15:47 Horse Collar
16:27 Gold Mining
17:39 Wheelbarrow
19:08 Squires
20:44 Hand Cart
22:48 Bow Saw
22:32 Stone Mining
24:33 Heavy Plow
25:42 Forging
25:38 Scale Barding Armor
25:36 Scale Mail Armor
26:57 Stone Shaft Mining
32:20 Imperial Age
30:41 Iron Casting
30:27 Chain Barding Armor
30:45 Chain Barding Armor
31:01 Iron Casting
pavanayi_shavamayi
12:28 Feudal Age
17:25 Castle Age
15:31 Horse Collar
16:19 Double-Bit Axe
18:57 Bow Saw
18:52 Heavy Plow
19:46 Fervor
30:20 Imperial Age
27:57 Gold Mining
27:58 Stone Mining
28:05 Pikeman
30:52 Bloodlines
31:11 Arquebus
31:12 Circumnavigation
Connection lost

Rejoining the realm…

Still unreachable

The connection could not be restored.

Session expired

The server has moved on; the page needs a fresh start.